Panthers vs Jets

Created - May 1, 2016 at 18:11

Goals
1 2 3 T
Panthers 2 2 1 5
Jets 3 1 0 4
Shots
1 2 3 T
Panthers 12 15 8 35
Jets 14 12 10 36

1st period

1. Panthers , Vladimir Tarasenko 11 (Henrik Zetterberg, Pavel Datsyuk) at 0:24
2. Jets , Jamie Benn 10 (Brent Seabrook) at 2:58
3. Panthers , Vladimir Tarasenko 12 (Pavel Datsyuk, Marc Staal) at 3:09
4. Jets , Kyle Okposo 5 (Joe Pavelski) at 7:37
5. Jets , Patrick Eaves 2 (Nick Bonino) at 15:43

Penalties :
Marko Dano (FLA) for Hooking (Minor) at 9:06, Hampus Lindholm (WPG) for Holding (Minor) at 17:20

2nd period

6. Panthers , Vladimir Tarasenko 13 (Henrik Zetterberg, Pavel Datsyuk) at 2:35
7. Panthers , Henrik Zetterberg 5 (Vladimir Tarasenko, T.J. Brodie) at 10:36
8. Jets , Cam Atkinson 6 (David Krejci, Hampus Lindholm) at 14:15 (PP)

Penalties :
Brent Seabrook (WPG) for Roughing (Minor) at 4:43, Nathan MacKinnon (FLA) for Tripping (Minor) at 8:01, Nathan MacKinnon (FLA) for Hooking (Minor) at 13:17

3rd period

9. Panthers , Pavel Datsyuk 10 (Vladimir Tarasenko, Henrik Zetterberg) at 13:13 (PP)

Penalties :
Jamie Benn (WPG) for Tripping (Minor) at 0:07, Vladimir Tarasenko (FLA) for Slashing (Minor) at 6:51, Nicklas Grossmann (WPG) for Boarding (Minor) at 11:39, Nicklas Grossmann (WPG) for Tripping (Minor) at 13:55

Goalie Stats

Semyon Varlamov (FLA), 32 saves from 36 shots - (0.889), W, 13-6-1, 60:00 minutes
Cory Schneider (WPG), 30 saves from 35 shots - (0.857), L, 11-2-0, 58:51 minutes

Players Stats for Panthers

Player Name              G  A  P  +/- PIM S  H  SB GA TA FO     MP     PP MP  PK MP  
------------------------------------------------------------------------------------
Blake Wheeler            0  0  0   0  0   7  5  0  0  0  0/1    21:38   4:18   1:54 
Curtis Glencross         0  0  0  -1  0   3  1  0  0  0  0/0    10:57   0:00   0:00 
Danny DeKeyser           0  0  0   0  0   0  2  2  0  0  0/0    20:42   0:00   4:10 
Eric Nystrom             0  0  0   0  0   0  0  0  0  0  0/0     8:08   0:00   4:48 
Henrik Zetterberg        1  3  4   2  0   2  1  0  0  0  0/2    19:17   5:12   0:13 
Jeff Petry               0  0  0  -1  0   0  1  1  0  0  0/0    14:35   3:47   0:00 
Jori Lehtera             0  0  0  -1  0   1  0  0  0  0  8/14   11:06   0:00   0:00 
Justin Braun             0  0  0   2  0   0  0  1  0  0  0/0    19:53   3:47   0:00 
Kyle Quincey             0  0  0  -1  0   0  4  0  0  0  0/0    14:29   0:00   3:01 
Marc Staal               0  1  1   2  0   0  0  1  0  0  0/0    24:34   5:43   2:45 
Marko Dano               0  0  0  -1  2   2  0  0  0  0  0/0    10:56   0:00   0:00 
Nathan MacKinnon         0  0  0   0  4   1  2  1  0  0  10/28  19:42   4:18   0:00 
Patrick Kane             0  0  0   0  0   6  0  0  0  0  0/2    19:44   4:18   0:00 
Pavel Datsyuk            1  3  4   2  0   3  2  0  0  0  18/39  21:07   5:12   1:54 
Pierre-Edouard Bellemare 0  0  0   0  0   0  0  0  0  0  0/1     3:24   0:00   0:13 
Riley Nash               0  0  0   0  0   1  0  0  0  0  4/8     7:59   0:00   4:48 
T.J. Brodie              0  1  1   0  0   3  3  4  0  0  0/0    25:47   5:43   3:54 
Vladimir Tarasenko       3  2  5   2  2   6  1  0  0  0  0/2    19:03   5:12   0:00 

Players Stats for Jets

Player Name              G  A  P  +/- PIM S  H  SB GA TA FO     MP     PP MP  PK MP  
------------------------------------------------------------------------------------
Boyd Gordon              0  0  0   0  0   0  1  1  0  0  0/0     5:29   0:00   5:29 
Brad Marchand            0  0  0   0  0   0  0  0  0  0  0/0     0:00   0:00   0:00 
Brent Seabrook           0  1  1   0  2   0  2  3  0  0  0/0    22:27   3:20   3:01 
Brett Connolly           0  0  0   0  0   0  0  0  0  0  0/0     0:00   0:00   0:00 
Cam Atkinson             1  0  1   0  0   3  0  1  0  0  2/3    20:23   3:02   4:01 
David Krejci             0  1  1   0  0   1  0  0  0  0  10/18  16:22   3:02   0:00 
Dylan Olsen              0  0  0   0  0   1  1  1  0  0  0/0    14:16   0:00   2:02 
Frans Nielsen            0  0  0  -1  0   1  1  0  0  0  5/7    21:11   3:02   5:29 
Hampus Lindholm          0  1  1  -1  2   0  0  1  0  0  0/0    23:15   3:35   4:27 
Jamie Benn               1  0  1   0  2   5  2  0  0  0  0/1    21:40   3:53   0:00 
Jason Zucker             0  0  0   0  0   2  1  1  0  0  1/1    13:43   0:00   0:00 
Joe Pavelski             0  1  1  -1  0   6  4  0  0  0  19/34  20:25   3:53   0:00 
Kyle Okposo              1  0  1  -1  0   6  0  1  0  0  0/0    20:25   3:53   0:00 
Nick Bonino              0  1  1   0  0   3  0  0  0  0  20/33  17:08   0:00   4:01 
Nicklas Grossmann        0  0  0   0  4   3  2  1  0  0  0/0    12:12   0:00   0:00 
Patrick Eaves            1  0  1   0  0   3  0  0  0  0  0/0    13:43   0:00   0:00 
Tobias Enstrom           0  0  0  -1  0   0  2  2  0  0  0/0    22:41   3:35   5:18 
Tyler Myers              0  0  0   0  0   2  0  3  0  0  0/0    25:05   3:20   4:12 

3 Stars

1 - Vladimir Tarasenko (FLA)
2 - Pavel Datsyuk (FLA)
3 - Henrik Zetterberg (FLA)

Power Play

Panthers - 1 on 5 Attempt(s) - 20.00%
Jets - 1 on 4 Attempt(s) - 25.00%

Penalty Kill

Panthers - 3 on 4 Attempt(s) - 75.00% - Score 0 goal in Penalty Kill
Jets - 4 on 5 Attempt(s) - 80.00% - Score 0 goal in Penalty Kill

Team Stat

Panthers - Hits : 22 - Faceoff Wins : 40 - Blocked Shots : 10 - Penalty Minutes : 8
Jets - Hits : 16 - Faceoff Wins : 57 - Blocked Shots : 15 - Penalty Minutes : 10

Official

Referees : Ian Walsh and Tom Chmielewski
Linesman : Mark Wheler and Andy McElman

Game Notes

Vladimir Tarasenko has scored a Hat Trick!

Finance

Level 1 -- Attendance: 6000 (100.00%) -- Ticket Income $588,000
Level 2 -- Attendance: 5000 (100.00%) -- Ticket Income $385,000
Level 3 -- Attendance: 2200 (100.00%) -- Ticket Income $158,400
Level 4 -- Attendance: 1016 (100.00%) -- Ticket Income $67,056
Luxury Box -- Attendance: 800 (100.00%) -- Ticket Income $184,000
Game was played at the MTS Center.
Total Attendance: 15016 (100.00%)
Total Ticket Income: $1,382,456
Other Income: $207,368
Total Income: $1,589,824

% Time on Ice - Panthers

Lines # - Real PCT - Wanted PCT - Time Play
Normal Forward
1 - 36% - 37% - 15:26
2 - 32% - 35% - 13:52
3 - 25% - 22% - 10:57
4 - 7% - 6% - 3:11
Normal Defense
1 - 40% - 41% - 17:15
2 - 37% - 39% - 16:06
3 - 23% - 20% - 10:05
4 - 0% - 0% - 0:00
PP Forward
1 - 45% - 50% - 4:18
2 - 55% - 50% - 5:12
PP Defense
1 - 60% - 55% - 5:43
2 - 40% - 45% - 3:47
PK Forward
1 - 73% - 60% - 5:01
2 - 27% - 40% - 1:54
PK Defense
1 - 56% - 60% - 3:54
2 - 44% - 40% - 3:01
PK3 Forward
1 - 0% - 60%
2 - 0% - 40%
PK3 Defense
1 - 0% - 60%
2 - 0% - 40%
44 Forward
1 - 0% - 60%
2 - 0% - 40%
44 Defense
1 - 0% - 60%
2 - 0% - 40%
Last Minute Offensive  - 0:00
Last Minute Defensive  - 0:09
Total
Forward - 60:00
Defense - 60:00

% Time on Ice - Jets

Lines # - Real PCT - Wanted PCT - Time Play
Normal Forward
1 - 29% - 34% - 12:40
2 - 31% - 33% - 13:20
3 - 31% - 21% - 13:07
4 - 9% - 12% - 3:52
Normal Defense
1 - 37% - 35% - 16:07
2 - 31% - 32% - 13:12
3 - 28% - 23% - 12:14
4 - 3% - 10% - 1:26
PP Forward
1 - 56% - 63% - 3:53
2 - 44% - 37% - 3:02
PP Defense
1 - 52% - 70% - 3:35
2 - 48% - 30% - 3:20
PK Forward
1 - 42% - 50% - 4:01
2 - 58% - 50% - 5:29
PK Defense
1 - 56% - 60% - 5:18
2 - 44% - 40% - 4:12
PK3 Forward
1 - 0% - 70%
2 - 0% - 30%
PK3 Defense
1 - 0% - 60%
2 - 0% - 40%
44 Forward
1 - 0% - 50%
2 - 0% - 50%
44 Defense
1 - 0% - 51%
2 - 0% - 49%
Last Minute Offensive  - 0:36
Last Minute Defensive  - 0:00
Total
Forward - 60:00
Defense - 60:00

Play by Play

1st period


0:01 of 1st period - Joe Pavelski wins face-off versus Nathan MacKinnon in neutral zone.
0:06 of 1st period - Shot by Joe Pavelski.
0:06 of 1st period - Deflect By Kyle Okposo.
0:06 of 1st period - Shot Misses the Net.
0:16 of 1st period - Shot by Patrick Kane.
0:16 of 1st period - Shot Misses the Net.
0:18 of 1st period - Shot by T.J. Brodie.
0:18 of 1st period - Stopped by Cory Schneider without a rebound.
0:19 of 1st period - Pavel Datsyuk wins face-off versus David Krejci in Jets zone.
0:24 of 1st period - Shot by Vladimir Tarasenko.
0:24 of 1st period - Goal by Vladimir Tarasenko - Panthers : 1 - Jets : 0.
0:25 of 1st period - Nick Bonino wins face-off versus Jori Lehtera in neutral zone.
0:33 of 1st period - Icing by Jeff Petry.
0:34 of 1st period - David Krejci wins face-off versus Jori Lehtera in Panthers zone.
0:36 of 1st period - Jamie Benn is hit by Kyle Quincey and loses puck.
0:43 of 1st period - Shot by Jamie Benn.
0:43 of 1st period - Stopped by Semyon Varlamov without a rebound.
0:44 of 1st period - Joe Pavelski wins face-off versus Pavel Datsyuk in Panthers zone.
0:45 of 1st period - Shot by Jamie Benn.
0:45 of 1st period - Stopped by Semyon Varlamov without a rebound.
0:46 of 1st period - Pavel Datsyuk wins face-off versus Jamie Benn in Panthers zone.
1:21 of 1st period - Off-side.
1:22 of 1st period - Nick Bonino wins face-off versus Nathan MacKinnon in neutral zone.
2:09 of 1st period - Jason Zucker is hit by Nathan MacKinnon and loses puck.
2:58 of 1st period - Shot by Jamie Benn.
2:58 of 1st period - Goal by Jamie Benn - Panthers : 1 - Jets : 1.
2:59 of 1st period - Joe Pavelski wins face-off versus Pavel Datsyuk in neutral zone.
3:09 of 1st period - Shot by Vladimir Tarasenko.
3:09 of 1st period - Goal by Vladimir Tarasenko - Panthers : 2 - Jets : 1.
3:10 of 1st period - David Krejci wins face-off versus Riley Nash in neutral zone.
3:27 of 1st period - Shot by Pierre-Edouard Bellemare.
3:27 of 1st period - Deflect By Riley Nash.
3:27 of 1st period - Stopped by Cory Schneider with a rebound.
3:33 of 1st period - Shot by Riley Nash.
3:33 of 1st period - Shot Blocked by Tyler Myers.
3:44 of 1st period - Icing by Tyler Myers.
3:45 of 1st period - David Krejci wins face-off versus Pavel Datsyuk in Jets zone.
4:20 of 1st period - Icing by Danny DeKeyser.
4:21 of 1st period - Joe Pavelski wins face-off versus Pavel Datsyuk in Panthers zone.
4:56 of 1st period - Shot by Nathan MacKinnon.
4:56 of 1st period - Shot Blocked by Kyle Okposo.
5:04 of 1st period - Blake Wheeler is hit by Joe Pavelski and loses puck.
5:31 of 1st period - Shot by Jason Zucker.
5:31 of 1st period - Stopped by Semyon Varlamov without a rebound.
5:32 of 1st period - Jori Lehtera wins face-off versus David Krejci in Panthers zone.
5:47 of 1st period - Shot by Marko Dano.
5:47 of 1st period - Stopped by Cory Schneider with a rebound.
6:59 of 1st period - Shot by Kyle Okposo.
6:59 of 1st period - Stopped by Semyon Varlamov without a rebound.
7:00 of 1st period - Nathan MacKinnon wins face-off versus Nick Bonino in Panthers zone.
7:19 of 1st period - Shot by Patrick Kane.
7:19 of 1st period - Stopped by Cory Schneider without a rebound.
7:20 of 1st period - Pavel Datsyuk wins face-off versus Joe Pavelski in Jets zone.
7:21 of 1st period - Shot by Vladimir Tarasenko.
7:21 of 1st period - Shot Misses the Net.
7:37 of 1st period - Shot by Kyle Okposo.
7:37 of 1st period - Goal by Kyle Okposo - Panthers : 2 - Jets : 2.
7:38 of 1st period - Nick Bonino wins face-off versus Nathan MacKinnon in neutral zone.
7:50 of 1st period - Shot by Nick Bonino.
7:50 of 1st period - Deflect By Patrick Eaves.
7:50 of 1st period - Shot Misses the Net.
7:52 of 1st period - Shot by Jason Zucker.
7:52 of 1st period - Deflect By Nick Bonino.
7:52 of 1st period - Shot Misses the Net.
8:49 of 1st period - Shot by Henrik Zetterberg.
8:49 of 1st period - Shot Misses the Net.
8:51 of 1st period - Shot by Vladimir Tarasenko.
8:51 of 1st period - Shot Blocked by Nicklas Grossmann.
8:53 of 1st period - Shot by Pavel Datsyuk.
8:53 of 1st period - Stopped by Cory Schneider without a rebound.
8:54 of 1st period - Jori Lehtera wins face-off versus Joe Pavelski in Jets zone.
9:03 of 1st period - Shot by Marko Dano.
9:03 of 1st period - Shot Misses the Net.
9:06 of 1st period - Minor Penalty to Marko Dano for Hooking.
9:07 of 1st period - Joe Pavelski wins face-off versus Riley Nash in Panthers zone.
9:33 of 1st period - Joe Pavelski is hit by Kyle Quincey and loses puck.
10:08 of 1st period - Cam Atkinson is hit by Kyle Quincey.
10:10 of 1st period - Shot by Tyler Myers.
10:10 of 1st period - Shot Misses the Net.
10:12 of 1st period - Shot by Frans Nielsen.
10:12 of 1st period - Shot Misses the Net.
10:14 of 1st period - Shot by Tyler Myers.
10:14 of 1st period - Stopped by Semyon Varlamov with a rebound.
11:11 of 1st period - Patrick Eaves is hit by Kyle Quincey and loses puck.
11:36 of 1st period - Icing by Kyle Quincey.
11:37 of 1st period - David Krejci wins face-off versus Jori Lehtera in Panthers zone.
11:37 of 1st period - David Krejci is hit by Jeff Petry.
11:44 of 1st period - Shot by Cam Atkinson.
11:44 of 1st period - Deflect By Jamie Benn.
11:44 of 1st period - Stopped by Semyon Varlamov without a rebound.
11:45 of 1st period - Pavel Datsyuk wins face-off versus Joe Pavelski in Panthers zone.
11:52 of 1st period - Shot by Kyle Okposo.
11:52 of 1st period - Stopped by Semyon Varlamov without a rebound.
11:53 of 1st period - David Krejci wins face-off versus Pavel Datsyuk in Panthers zone.
12:14 of 1st period - Shot by Vladimir Tarasenko.
12:14 of 1st period - Shot Misses the Net.
12:16 of 1st period - Shot by Pavel Datsyuk.
12:16 of 1st period - Stopped by Cory Schneider without a rebound.
12:17 of 1st period - Frans Nielsen wins face-off versus Nathan MacKinnon in Jets zone.
12:17 of 1st period - Frans Nielsen is hit by Nathan MacKinnon.
12:34 of 1st period - Shot by Kyle Okposo.
12:34 of 1st period - Deflect By Joe Pavelski.
12:34 of 1st period - Stopped by Semyon Varlamov with a rebound.
12:38 of 1st period - Shot by Joe Pavelski.
12:38 of 1st period - Stopped by Semyon Varlamov with a rebound.
12:40 of 1st period - Shot by Frans Nielsen.
12:40 of 1st period - Stopped by Semyon Varlamov without a rebound.
12:41 of 1st period - David Krejci wins face-off versus Pavel Datsyuk in Panthers zone.
12:55 of 1st period - Icing by T.J. Brodie.
12:56 of 1st period - Joe Pavelski wins face-off versus Pavel Datsyuk in Panthers zone.
14:12 of 1st period - Marc Staal is hit by Joe Pavelski.
14:21 of 1st period - Icing by Tobias Enstrom.
14:22 of 1st period - Jori Lehtera wins face-off versus Joe Pavelski in Jets zone.
14:43 of 1st period - Shot by Marko Dano.
14:43 of 1st period - Shot Misses the Net.
15:19 of 1st period - Shot by Patrick Kane.
15:19 of 1st period - Shot Misses the Net.
15:21 of 1st period - Shot by Justin Braun.
15:21 of 1st period - Shot Misses the Net.
15:23 of 1st period - Shot by Nathan MacKinnon.
15:23 of 1st period - Shot Blocked by Brent Seabrook.
15:33 of 1st period - Shot by Patrick Kane.
15:33 of 1st period - Stopped by Cory Schneider without a rebound.
15:34 of 1st period - Nick Bonino wins face-off versus Pavel Datsyuk in Jets zone.
15:41 of 1st period - Shot by Patrick Eaves.
15:41 of 1st period - Shot Misses the Net.
15:43 of 1st period - Shot by Nick Bonino.
15:43 of 1st period - Deflect By Patrick Eaves.
15:43 of 1st period - Goal by Patrick Eaves - Panthers : 2 - Jets : 3.
15:44 of 1st period - Nick Bonino wins face-off versus Patrick Kane in neutral zone.
16:03 of 1st period - Shot by Jason Zucker.
16:03 of 1st period - Shot Blocked by Justin Braun.
16:05 of 1st period - Shot by Patrick Eaves.
16:05 of 1st period - Deflect By Jason Zucker.
16:05 of 1st period - Shot Misses the Net.
16:07 of 1st period - Shot by Nicklas Grossmann.
16:07 of 1st period - Stopped by Semyon Varlamov without a rebound.
16:08 of 1st period - Joe Pavelski wins face-off versus Pavel Datsyuk in Panthers zone.
16:19 of 1st period - Shot by Vladimir Tarasenko.
16:19 of 1st period - Stopped by Cory Schneider without a rebound.
16:20 of 1st period - Nathan MacKinnon wins face-off versus Nick Bonino in Jets zone.
16:20 of 1st period - Patrick Kane is hit by Tobias Enstrom and loses puck.
16:29 of 1st period - Shot by Patrick Kane.
16:29 of 1st period - Shot Blocked by Tobias Enstrom.
16:44 of 1st period - Icing by Jason Zucker.
16:45 of 1st period - Nick Bonino wins face-off versus Pavel Datsyuk in Jets zone.
16:45 of 1st period - Nick Bonino is hit by Pavel Datsyuk.
16:55 of 1st period - Shot by Jason Zucker.
16:55 of 1st period - Deflect By Patrick Eaves.
16:55 of 1st period - Shot Blocked by T.J. Brodie.
17:14 of 1st period - Patrick Eaves is hit by T.J. Brodie and loses puck.
17:20 of 1st period - Minor Penalty to Hampus Lindholm for Holding.
17:21 of 1st period - Frans Nielsen wins face-off versus Nathan MacKinnon in Jets zone.
17:21 of 1st period - Frans Nielsen is hit by Blake Wheeler.
17:47 of 1st period - Shot by Justin Braun.
17:47 of 1st period - Shot Blocked by Boyd Gordon.
17:49 of 1st period - Shot by Jeff Petry.
17:49 of 1st period - Shot Blocked by Tyler Myers.
17:51 of 1st period - Shot by Justin Braun.
17:51 of 1st period - Shot Misses the Net.
17:53 of 1st period - Shot by Blake Wheeler.
17:53 of 1st period - Shot Blocked by Brent Seabrook.
18:30 of 1st period - Shot by Vladimir Tarasenko.
18:30 of 1st period - Stopped by Cory Schneider without a rebound.
18:31 of 1st period - Nick Bonino wins face-off versus Henrik Zetterberg in Jets zone.
19:45 of 1st period - Shot by Jori Lehtera.
19:45 of 1st period - Stopped by Cory Schneider with a rebound.
19:47 of 1st period - Shot by Jori Lehtera.
19:47 of 1st period - Shot Misses the Net.
Goals for this period are 2 for Panthers vs 3 for Jets.
Shots for this period are 12 for Panthers vs 14 for Jets.

2nd period


0:01 of 2nd period - Joe Pavelski wins face-off versus Nathan MacKinnon in neutral zone.
0:12 of 2nd period - Shot by Joe Pavelski.
0:12 of 2nd period - Deflect By Kyle Okposo.
0:12 of 2nd period - Stopped by Semyon Varlamov with a rebound.
0:28 of 2nd period - Icing by Brent Seabrook.
0:29 of 2nd period - Pavel Datsyuk wins face-off versus Joe Pavelski in Jets zone.
0:45 of 2nd period - Off-side.
0:46 of 2nd period - David Krejci wins face-off versus Jori Lehtera in neutral zone.
1:27 of 2nd period - Shot by Jamie Benn.
1:27 of 2nd period - Shot Misses the Net.
1:29 of 2nd period - Shot by Jamie Benn.
1:29 of 2nd period - Shot Misses the Net.
1:31 of 2nd period - Shot by Hampus Lindholm.
1:31 of 2nd period - Shot Misses the Net.
2:00 of 2nd period - Shot by Blake Wheeler.
2:00 of 2nd period - Stopped by Cory Schneider without a rebound.
2:01 of 2nd period - Pavel Datsyuk wins face-off versus Nick Bonino in Jets zone.
2:02 of 2nd period - Shot by Henrik Zetterberg.
2:02 of 2nd period - Stopped by Cory Schneider without a rebound.
2:03 of 2nd period - Nathan MacKinnon wins face-off versus Nick Bonino in Jets zone.
2:27 of 2nd period - Icing by Nicklas Grossmann.
2:28 of 2nd period - Pavel Datsyuk wins face-off versus Nick Bonino in Jets zone.
2:35 of 2nd period - Shot by Vladimir Tarasenko.
2:35 of 2nd period - Goal by Vladimir Tarasenko - Panthers : 3 - Jets : 3.
2:36 of 2nd period - Pavel Datsyuk wins face-off versus Joe Pavelski in neutral zone.
2:52 of 2nd period - Danny DeKeyser is hit by Joe Pavelski and loses puck.
3:09 of 2nd period - Icing by Danny DeKeyser.
3:10 of 2nd period - Pavel Datsyuk wins face-off versus David Krejci in Panthers zone.
3:24 of 2nd period - Tobias Enstrom is hit by Pavel Datsyuk and loses puck.
4:05 of 2nd period - Shot by Nathan MacKinnon.
4:05 of 2nd period - Stopped by Cory Schneider without a rebound.
4:06 of 2nd period - Joe Pavelski wins face-off versus Pierre-Edouard Bellemare in Jets zone.
4:16 of 2nd period - Icing by Kyle Quincey.
4:17 of 2nd period - Frans Nielsen wins face-off versus Riley Nash in Panthers zone.
4:20 of 2nd period - Shot by Joe Pavelski.
4:20 of 2nd period - Stopped by Semyon Varlamov without a rebound.
4:21 of 2nd period - Joe Pavelski wins face-off versus Nathan MacKinnon in Panthers zone.
4:24 of 2nd period - Shot by Frans Nielsen.
4:24 of 2nd period - Shot Misses the Net.
4:42 of 2nd period - Shot by Patrick Kane.
4:42 of 2nd period - Stopped by Cory Schneider with a rebound.
4:43 of 2nd period - Minor Penalty to Brent Seabrook for Roughing.
4:44 of 2nd period - Nick Bonino wins face-off versus Pavel Datsyuk in Jets zone.
5:02 of 2nd period - Icing by Vladimir Tarasenko.
5:03 of 2nd period - Nick Bonino wins face-off versus Vladimir Tarasenko in Panthers zone.
5:16 of 2nd period - Dylan Olsen is hit by Henrik Zetterberg and loses puck.
6:03 of 2nd period - Shot by Patrick Kane.
6:03 of 2nd period - Shot Misses the Net.
6:05 of 2nd period - Shot by Patrick Kane.
6:05 of 2nd period - Stopped by Cory Schneider without a rebound.
6:06 of 2nd period - Nathan MacKinnon wins face-off versus Frans Nielsen in Jets zone.
6:50 of 2nd period - Shot by Jori Lehtera.
6:50 of 2nd period - Deflect By Marko Dano.
6:50 of 2nd period - Stopped by Cory Schneider without a rebound.
6:51 of 2nd period - Pavel Datsyuk wins face-off versus Cam Atkinson in Jets zone.
7:13 of 2nd period - Shot by Vladimir Tarasenko.
7:13 of 2nd period - Shot Blocked by Tobias Enstrom.
7:15 of 2nd period - Shot by Vladimir Tarasenko.
7:15 of 2nd period - Stopped by Cory Schneider without a rebound.
7:16 of 2nd period - Jori Lehtera wins face-off versus Nick Bonino in Jets zone.
7:18 of 2nd period - Marko Dano is hit by Brent Seabrook.
7:22 of 2nd period - Shot by Jori Lehtera.
7:22 of 2nd period - Shot Blocked by Tyler Myers.
7:25 of 2nd period - Icing by Tyler Myers.
7:26 of 2nd period - Nick Bonino wins face-off versus Nathan MacKinnon in Jets zone.
7:26 of 2nd period - Nick Bonino is hit by Blake Wheeler.
7:46 of 2nd period - Shot by Blake Wheeler.
7:46 of 2nd period - Stopped by Cory Schneider with a rebound.
7:48 of 2nd period - Shot by Nathan MacKinnon.
7:48 of 2nd period - Deflect By Patrick Kane.
7:48 of 2nd period - Stopped by Cory Schneider with a rebound.
7:50 of 2nd period - Shot by Blake Wheeler.
7:50 of 2nd period - Stopped by Cory Schneider with a rebound.
8:01 of 2nd period - Minor Penalty to Nathan MacKinnon for Tripping.
8:02 of 2nd period - Riley Nash wins face-off versus Joe Pavelski in Panthers zone.
9:03 of 2nd period - Shot by Tyler Myers.
9:03 of 2nd period - Shot Misses the Net.
9:05 of 2nd period - Shot by Cam Atkinson.
9:05 of 2nd period - Stopped by Semyon Varlamov without a rebound.
9:06 of 2nd period - Pavel Datsyuk wins face-off versus David Krejci in Panthers zone.
9:35 of 2nd period - Shot by Cam Atkinson.
9:35 of 2nd period - Shot Misses the Net.
9:43 of 2nd period - Shot by Cam Atkinson.
9:43 of 2nd period - Shot Blocked by Danny DeKeyser.
9:45 of 2nd period - Shot by Brent Seabrook.
9:45 of 2nd period - Shot Blocked by T.J. Brodie.
9:47 of 2nd period - Shot by Tyler Myers.
9:47 of 2nd period - Stopped by Semyon Varlamov without a rebound.
9:48 of 2nd period - Joe Pavelski wins face-off versus Pavel Datsyuk in Panthers zone.
10:01 of 2nd period - Shot by Joe Pavelski.
10:01 of 2nd period - Shot Misses the Net.
10:03 of 2nd period - Shot by Jason Zucker.
10:03 of 2nd period - Stopped by Semyon Varlamov without a rebound.
10:04 of 2nd period - Nathan MacKinnon wins face-off versus Nick Bonino in Panthers zone.
10:17 of 2nd period - Shot by Nick Bonino.
10:17 of 2nd period - Deflect By Patrick Eaves.
10:17 of 2nd period - Shot Misses the Net.
10:19 of 2nd period - Shot by Nicklas Grossmann.
10:19 of 2nd period - Stopped by Semyon Varlamov without a rebound.
10:20 of 2nd period - Joe Pavelski wins face-off versus Vladimir Tarasenko in Panthers zone.
10:36 of 2nd period - Shot by Henrik Zetterberg.
10:36 of 2nd period - Goal by Henrik Zetterberg - Panthers : 4 - Jets : 3.
10:37 of 2nd period - Cam Atkinson wins face-off versus Nathan MacKinnon in neutral zone.
10:46 of 2nd period - Shot by Jamie Benn.
10:46 of 2nd period - Shot Blocked by Marc Staal.
11:04 of 2nd period - Shot by Patrick Kane.
11:04 of 2nd period - Shot Misses the Net.
11:06 of 2nd period - Shot by Blake Wheeler.
11:06 of 2nd period - Stopped by Cory Schneider without a rebound.
11:07 of 2nd period - Pavel Datsyuk wins face-off versus Joe Pavelski in Jets zone.
11:25 of 2nd period - Icing by Tyler Myers.
11:26 of 2nd period - Jori Lehtera wins face-off versus Joe Pavelski in Jets zone.
11:35 of 2nd period - Shot by Curtis Glencross.
11:35 of 2nd period - Stopped by Cory Schneider with a rebound.
11:47 of 2nd period - Shot by Joe Pavelski.
11:47 of 2nd period - Stopped by Semyon Varlamov without a rebound.
11:48 of 2nd period - David Krejci wins face-off versus Pavel Datsyuk in Panthers zone.
12:03 of 2nd period - Shot by Vladimir Tarasenko.
12:03 of 2nd period - Shot Misses the Net.
13:17 of 2nd period - Minor Penalty to Nathan MacKinnon for Hooking.
13:18 of 2nd period - Joe Pavelski wins face-off versus Riley Nash in Panthers zone.
13:19 of 2nd period - Shot by Tyler Myers.
13:19 of 2nd period - Shot Blocked by T.J. Brodie.
13:36 of 2nd period - Jamie Benn is hit by Danny DeKeyser and loses puck.
14:15 of 2nd period - Shot by Cam Atkinson.
14:15 of 2nd period - Goal by Cam Atkinson - Panthers : 4 - Jets : 4.
14:16 of 2nd period - Jason Zucker wins face-off versus Nathan MacKinnon in neutral zone.
14:21 of 2nd period - Shot by Nick Bonino.
14:21 of 2nd period - Stopped by Semyon Varlamov without a rebound.
14:22 of 2nd period - Nick Bonino wins face-off versus Nathan MacKinnon in Panthers zone.
14:28 of 2nd period - Icing by Kyle Quincey.
14:29 of 2nd period - Nathan MacKinnon wins face-off versus Nick Bonino in Panthers zone.
14:44 of 2nd period - Shot by Patrick Kane.
14:44 of 2nd period - Stopped by Cory Schneider without a rebound.
14:45 of 2nd period - Joe Pavelski wins face-off versus Pavel Datsyuk in Jets zone.
14:52 of 2nd period - Shot by Joe Pavelski.
14:52 of 2nd period - Stopped by Semyon Varlamov without a rebound.
14:53 of 2nd period - Joe Pavelski wins face-off versus Nathan MacKinnon in Panthers zone.
16:00 of 2nd period - Shot by Cam Atkinson.
16:00 of 2nd period - Shot Blocked by T.J. Brodie.
16:02 of 2nd period - Shot by Cam Atkinson.
16:02 of 2nd period - Shot Misses the Net.
16:26 of 2nd period - Icing by T.J. Brodie.
16:27 of 2nd period - Nick Bonino wins face-off versus Blake Wheeler in Panthers zone.
16:27 of 2nd period - Nick Bonino is hit by T.J. Brodie.
17:17 of 2nd period - Icing by Justin Braun.
17:18 of 2nd period - Joe Pavelski wins face-off versus Pavel Datsyuk in Panthers zone.
18:46 of 2nd period - Shot by Curtis Glencross.
18:46 of 2nd period - Shot Misses the Net.
18:48 of 2nd period - Shot by Kyle Quincey.
18:48 of 2nd period - Shot Blocked by Dylan Olsen.
19:26 of 2nd period - Shot by Patrick Eaves.
19:26 of 2nd period - Stopped by Semyon Varlamov without a rebound.
19:27 of 2nd period - Riley Nash wins face-off versus Joe Pavelski in Panthers zone.
19:57 of 2nd period - Shot by Kyle Okposo.
19:57 of 2nd period - Stopped by Semyon Varlamov without a rebound.
19:58 of 2nd period - Nathan MacKinnon wins face-off versus Nick Bonino in Panthers zone.
Goals for this period are 2 for Panthers vs 1 for Jets.
Shots for this period are 15 for Panthers vs 12 for Jets.

3rd period


0:01 of 3rd period - David Krejci wins face-off versus Nathan MacKinnon in neutral zone.
0:07 of 3rd period - Minor Penalty to Jamie Benn for Tripping.
0:08 of 3rd period - Nathan MacKinnon wins face-off versus Nick Bonino in Jets zone.
0:15 of 3rd period - Shot by Patrick Kane.
0:15 of 3rd period - Shot Blocked by Cam Atkinson.
0:17 of 3rd period - Shot by T.J. Brodie.
0:17 of 3rd period - Stopped by Cory Schneider without a rebound.
0:18 of 3rd period - Nick Bonino wins face-off versus Pavel Datsyuk in Jets zone.
0:46 of 3rd period - Icing by Vladimir Tarasenko.
0:47 of 3rd period - Pavel Datsyuk wins face-off versus Frans Nielsen in Panthers zone.
0:47 of 3rd period - T.J. Brodie is hit by Boyd Gordon and loses puck.
0:55 of 3rd period - Shot by Pavel Datsyuk.
0:55 of 3rd period - Shot Blocked by Hampus Lindholm.
1:06 of 3rd period - Icing by Pavel Datsyuk.
1:07 of 3rd period - Nick Bonino wins face-off versus Pavel Datsyuk in Panthers zone.
1:20 of 3rd period - Shot by T.J. Brodie.
1:20 of 3rd period - Shot Blocked by Brent Seabrook.
1:35 of 3rd period - Vladimir Tarasenko is hit by Tobias Enstrom and loses puck.
1:47 of 3rd period - Icing by Pavel Datsyuk.
1:48 of 3rd period - Nick Bonino wins face-off versus Pavel Datsyuk in Panthers zone.
2:21 of 3rd period - Shot by Jamie Benn.
2:21 of 3rd period - Shot Misses the Net.
2:43 of 3rd period - Shot by Curtis Glencross.
2:43 of 3rd period - Shot Misses the Net.
2:45 of 3rd period - Shot by Jori Lehtera.
2:45 of 3rd period - Shot Misses the Net.
2:47 of 3rd period - Shot by Curtis Glencross.
2:47 of 3rd period - Stopped by Cory Schneider without a rebound.
2:48 of 3rd period - Nick Bonino wins face-off versus Nathan MacKinnon in Jets zone.
2:48 of 3rd period - Nick Bonino is hit by Blake Wheeler.
2:57 of 3rd period - Hampus Lindholm is hit by Danny DeKeyser and loses puck.
3:16 of 3rd period - Shot by Patrick Kane.
3:16 of 3rd period - Deflect By Blake Wheeler.
3:16 of 3rd period - Shot Misses the Net.
3:18 of 3rd period - Shot by T.J. Brodie.
3:18 of 3rd period - Shot Misses the Net.
3:20 of 3rd period - Shot by T.J. Brodie.
3:20 of 3rd period - Shot Misses the Net.
3:26 of 3rd period - Shot by Patrick Kane.
3:26 of 3rd period - Shot Misses the Net.
3:28 of 3rd period - Shot by Danny DeKeyser.
3:28 of 3rd period - Shot Misses the Net.
3:58 of 3rd period - Shot by David Krejci.
3:58 of 3rd period - Stopped by Semyon Varlamov without a rebound.
3:59 of 3rd period - Joe Pavelski wins face-off versus Pavel Datsyuk in Panthers zone.
4:09 of 3rd period - Icing by Jeff Petry.
4:10 of 3rd period - Pavel Datsyuk wins face-off versus David Krejci in Panthers zone.
4:17 of 3rd period - Shot by Jamie Benn.
4:17 of 3rd period - Shot Blocked by Jeff Petry.
4:22 of 3rd period - Icing by Vladimir Tarasenko.
4:23 of 3rd period - Pavel Datsyuk wins face-off versus Joe Pavelski in Panthers zone.
4:23 of 3rd period - Pavel Datsyuk is hit by Nicklas Grossmann.
4:35 of 3rd period - Shot by Joe Pavelski.
4:35 of 3rd period - Stopped by Semyon Varlamov without a rebound.
4:36 of 3rd period - David Krejci wins face-off versus Patrick Kane in Panthers zone.
4:45 of 3rd period - Shot by Nathan MacKinnon.
4:45 of 3rd period - Shot Misses the Net.
4:47 of 3rd period - Shot by Patrick Kane.
4:47 of 3rd period - Shot Misses the Net.
4:58 of 3rd period - Patrick Kane is hit by Brent Seabrook and loses puck.
5:35 of 3rd period - Shot by Pavel Datsyuk.
5:35 of 3rd period - Shot Misses the Net.
5:46 of 3rd period - Icing by Tyler Myers.
5:47 of 3rd period - Cam Atkinson wins face-off versus Jori Lehtera in Jets zone.
5:47 of 3rd period - Cam Atkinson is hit by Curtis Glencross.
6:02 of 3rd period - Icing by Kyle Quincey.
6:03 of 3rd period - Jori Lehtera wins face-off versus Joe Pavelski in Panthers zone.
6:03 of 3rd period - Jori Lehtera is hit by Joe Pavelski.
6:14 of 3rd period - Off-side.
6:15 of 3rd period - Nick Bonino wins face-off versus Pavel Datsyuk in neutral zone.
6:18 of 3rd period - Shot by Nick Bonino.
6:18 of 3rd period - Shot Misses the Net.
6:20 of 3rd period - Shot by Nicklas Grossmann.
6:20 of 3rd period - Stopped by Semyon Varlamov with a rebound.
6:22 of 3rd period - Shot by Nick Bonino.
6:22 of 3rd period - Shot Blocked by Danny DeKeyser.
6:24 of 3rd period - Shot by Patrick Eaves.
6:24 of 3rd period - Stopped by Semyon Varlamov without a rebound.
6:25 of 3rd period - Joe Pavelski wins face-off versus Nathan MacKinnon in Panthers zone.
6:45 of 3rd period - Shot by Blake Wheeler.
6:45 of 3rd period - Stopped by Cory Schneider without a rebound.
6:46 of 3rd period - Nick Bonino wins face-off versus Pavel Datsyuk in Jets zone.
6:46 of 3rd period - Nick Bonino is hit by Vladimir Tarasenko.
6:51 of 3rd period - Minor Penalty to Vladimir Tarasenko for Slashing.
6:52 of 3rd period - Riley Nash wins face-off versus Joe Pavelski in Panthers zone.
6:52 of 3rd period - Riley Nash is hit by Jamie Benn.
7:08 of 3rd period - Riley Nash is hit by Jamie Benn and loses puck.
8:00 of 3rd period - Icing by Cam Atkinson.
8:01 of 3rd period - Riley Nash wins face-off versus David Krejci in Jets zone.
9:04 of 3rd period - Shot by Jori Lehtera.
9:04 of 3rd period - Deflect By Curtis Glencross.
9:04 of 3rd period - Stopped by Cory Schneider without a rebound.
9:05 of 3rd period - Pavel Datsyuk wins face-off versus Joe Pavelski in Jets zone.
9:18 of 3rd period - Shot by Henrik Zetterberg.
9:18 of 3rd period - Shot Misses the Net.
9:30 of 3rd period - Shot by Jamie Benn.
9:30 of 3rd period - Stopped by Semyon Varlamov with a rebound.
9:32 of 3rd period - Shot by Tobias Enstrom.
9:32 of 3rd period - Shot Misses the Net.
9:39 of 3rd period - Kyle Okposo is hit by T.J. Brodie and loses puck.
10:10 of 3rd period - Shot by Nick Bonino.
10:10 of 3rd period - Stopped by Semyon Varlamov with a rebound.
10:12 of 3rd period - Shot by Dylan Olsen.
10:12 of 3rd period - Stopped by Semyon Varlamov without a rebound.
10:13 of 3rd period - Nathan MacKinnon wins face-off versus David Krejci in Panthers zone.
10:30 of 3rd period - Shot by Patrick Kane.
10:30 of 3rd period - Shot Misses the Net.
10:32 of 3rd period - Shot by Marc Staal.
10:32 of 3rd period - Shot Misses the Net.
10:36 of 3rd period - Shot by Blake Wheeler.
10:36 of 3rd period - Stopped by Cory Schneider without a rebound.
10:37 of 3rd period - Nick Bonino wins face-off versus Jori Lehtera in Jets zone.
10:39 of 3rd period - Icing by Patrick Eaves.
10:40 of 3rd period - Jori Lehtera wins face-off versus Nick Bonino in Jets zone.
10:53 of 3rd period - Curtis Glencross is hit by Nicklas Grossmann and loses puck.
11:01 of 3rd period - Jori Lehtera is hit by Dylan Olsen and loses puck.
11:20 of 3rd period - Shot by Marko Dano.
11:20 of 3rd period - Shot Misses the Net.
11:22 of 3rd period - Shot by Kyle Quincey.
11:22 of 3rd period - Shot Blocked by Jason Zucker.
11:39 of 3rd period - Minor Penalty to Nicklas Grossmann for Boarding.
11:40 of 3rd period - Frans Nielsen wins face-off versus Henrik Zetterberg in Jets zone.
12:03 of 3rd period - Shot by T.J. Brodie.
12:03 of 3rd period - Stopped by Cory Schneider without a rebound.
12:04 of 3rd period - Nathan MacKinnon wins face-off versus Nick Bonino in Jets zone.
12:05 of 3rd period - Shot by Blake Wheeler.
12:05 of 3rd period - Stopped by Cory Schneider without a rebound.
12:06 of 3rd period - Frans Nielsen wins face-off versus Nathan MacKinnon in Jets zone.
13:13 of 3rd period - Shot by Pavel Datsyuk.
13:13 of 3rd period - Goal by Pavel Datsyuk - Panthers : 5 - Jets : 4.
13:14 of 3rd period - Jori Lehtera wins face-off versus David Krejci in neutral zone.
13:43 of 3rd period - Shot by Cam Atkinson.
13:43 of 3rd period - Stopped by Semyon Varlamov without a rebound.
13:44 of 3rd period - Pavel Datsyuk wins face-off versus Nick Bonino in Panthers zone.
13:44 of 3rd period - Pavel Datsyuk is hit by Jason Zucker.
13:55 of 3rd period - Minor Penalty to Nicklas Grossmann for Tripping.
13:56 of 3rd period - Nick Bonino wins face-off versus Nathan MacKinnon in Jets zone.
13:56 of 3rd period - Nick Bonino is hit by Blake Wheeler.
14:27 of 3rd period - Shot by Blake Wheeler.
14:27 of 3rd period - Shot Misses the Net.
14:36 of 3rd period - Patrick Kane is hit by Frans Nielsen and loses puck.
16:50 of 3rd period - Shot by Nick Bonino.
16:50 of 3rd period - Stopped by Semyon Varlamov with a rebound.
16:52 of 3rd period - Shot by Nick Bonino.
16:52 of 3rd period - Shot Misses the Net.
18:14 of 3rd period - Shot by Henrik Zetterberg.
18:14 of 3rd period - Shot Misses the Net.
18:27 of 3rd period - Icing by T.J. Brodie.
18:28 of 3rd period - Pavel Datsyuk wins face-off versus Joe Pavelski in Panthers zone.
18:35 of 3rd period - Shot by Kyle Okposo.
18:35 of 3rd period - Stopped by Semyon Varlamov without a rebound.
18:36 of 3rd period - Joe Pavelski wins face-off versus Nathan MacKinnon in Panthers zone.
18:51 of 3rd period - Jets, Cory Schneider is pulled from the net.
18:51 of 3rd period - Shot by Kyle Okposo.
18:51 of 3rd period - Shot Misses the Net.
18:53 of 3rd period - Shot by Nicklas Grossmann.
18:53 of 3rd period - Shot Blocked by Nathan MacKinnon.
19:29 of 3rd period - Jamie Benn is hit by Blake Wheeler and loses puck.
Goals for this period are 1 for Panthers vs 0 for Jets.
Shots for this period are 8 for Panthers vs 10 for Jets.